 Dungeon Crawl Stone Soup version 0.18-a0-128-g78ce890 (webtiles) character file.

4706 Duffy the Summoner (level 10, -3/67 HPs)
             Began as a Vampire Summoner on Nov 22, 2015.
             Was a Priest of Sif Muna.
             Slain by a spiny frog (20 damage)
             ... on level 1 of the Lair of Beasts.
             The game lasted 00:32:00 (13424 turns).

Duffy the Summoner (Vampire Summoner)              Turns: 13424, Time: 00:32:00

Health: -3/67      AC:  3    Str:  7    XL:     10   Next: 21%
Magic:  14/20      EV: 13    Int: 22    God:    Sif Muna [***...]
Gold:   550        SH:  0    Dex: 14    Spells: 5 memorised, 8 levels left

rFire  . . .     SeeInvis +     L - +0 dagger (venom)
rCold  + + .     Clarity  .     p - +0 robe {rN+}
rNeg   + + +     SustAt   .     (no shield)
rPois  +         Gourm    .     F - +0 helmet
rElec  .         Spirit   .     (no cloak)
rCorr  +         Warding  .     (no gloves)
rMut   .         Stasis   .     (no boots)
MR     +....                    A - amulet of resist corrosion
Stlth  ++++......               c - ring of positive energy
                                H - ring of stealth

@: regenerating slowly, somewhat resistant to hostile enchantments, stealthy
A: fangs 3, see invisible, unbreathing
a: Bat Form, Channel Energy, Forget Spell, Renounce Religion


You were on level 1 of the Lair of Beasts.
You worshipped Sif Muna.
Sif Muna was most pleased with you.
You were near bloodless.

You visited 3 branches of the dungeon, and saw 13 of its levels.
You also visited: Ossuary.

You collected 550 gold pieces.


Innate Abilities, Weirdness & Mutations

You heal slowly.
You have razor-sharp teeth.
You have supernaturally acute eyesight.
You can survive without breathing.


   Skills:
 - Level 2.2 Fighting
 + Level 3.7 Dodging
 - Level 3.0 Stealth
 * Level 6.8 Spellcasting
 * Level 11.0 Summonings
 - Level 2.8 Ice Magic
 - Level 2.8 Air Magic
 - Level 5.0 Invocations


You had 8 spell levels left.
You knew the following spells:

 Your Spells              Type           Power        Failure   Level  Hunger
a - Summon Small Mammal   Summ           ####         1%          1    None
i - Call Imp              Summ           ######..     1%          2    None
l - Summon Ice Beast      Ice/Summ       #####...     6%          4    ###....
n - Call Canine Familiar  Summ           ######..     1%          3    None
u - Summon Lightning Spi  Summ/Air       #####...     6%          4    ###....

Inventory:

Hand Weapons
 b - a +0 blowgun
 L - a +0 dagger of venom (weapon)
Missiles
 e - 299 stones (quivered)
 o - 92 poisoned needles
Armour
 p - a +0 robe of positive energy (worn)
 F - a +0 helmet (worn)
Jewellery
 c - a ring of positive energy (right hand)
 x - an uncursed ring of poison resistance
 y - an uncursed amulet of resist mutation
 A - an amulet of resist corrosion (around neck)
 C - an uncursed amulet of warding
 H - a ring of stealth (left hand)
Wands
 l - a wand of enslavement (16)
 q - a wand of lightning (5)
 v - a wand of random effects (43)
Scrolls
 d - 2 scrolls of recharging
 i - 3 scrolls of remove curse
 k - a scroll of magic mapping
 m - 5 scrolls of enchant weapon
 s - 2 scrolls of enchant armour {unknown}
 t - 3 scrolls of teleportation
 D - a scroll of amnesia {unknown}
 I - a scroll of acquirement {unknown}
 J - a scroll of blinking {unknown}
 M - a scroll of vulnerability {unknown}
Potions
 a - a potion of resistance
 f - 23 potions of blood
 g - 3 potions of cure mutation
 h - 5 potions of agility
 j - 2 potions of invisibility
 n - 2 potions of heal wounds
 r - 2 potions of ambrosia
 w - 2 potions of brilliance
 z - 2 potions of haste
 B - 2 potions of flight
 E - 4 potions of curing
Books
 u - a book of Callings
 G - a book of Minor Magic
Miscellaneous
 K - a lantern of shadows

Dungeon Overview and Level Annotations

Branches:
Dungeon (10/15)            Temple (1/1) D:4            Lair (2/8) D:10
    Orc: D:9-12

Altars:
Ashenzari
Cheibriados
Dithmenos
Elyvilon
Fedhas
Gozag
Kikubaaqudgha
Makhleb
Nemelex Xobeh
Okawaru
Qazlal
Ru
Sif Muna
Trog
Vehumet
Xom
Yredelemnul
Zin
The Shining One

Shops:
D:4 (

Annotations:
D:7 1 exclusion


Message History

The black mamba dies!
Found a scroll labeled WOERIG XISTAI.
h - 5 potions of agility (gained 1)
Found a leatherbound book.
Your wolf disappears in a puff of smoke!
Found 15 poisoned bolts.
You see here a leatherbound book.
G - a book of Minor Magic
M - a scroll labeled WOERIG XISTAI You swap places.
You swap places.
There is a stone staircase leading up here.
A spiny frog comes into view.
The spiny frog croaks.
Your ice beast disappears in a puff of smoke!
A yak and a giant frog come into view.
You swap places.
Cast which spell? (? or * to list)
A chill wind blows around you.
The spiny frog stings you!! 2 yaks come into view.
Your ice beast hits the spiny frog but does no damage.
Your ice beast barely misses the spiny frog.
Your ice beast barely misses the spiny frog.
Your ice beast hits the spiny frog but does no damage.
There is a stone staircase leading up here.
The spiny frog stings you!!
The giant frog barely misses your ice beast.
Your ice beast hits the spiny frog but does no damage.
You climb upwards.
Your summoned ally is left behind.
There is a stone staircase leading down here.
Cast which spell? (? or * to list)
A chill wind blows around you. The spiny frog stings you!
The spiny frog misses you. The spiny frog stings you!!
You die...

### ###
#########################.####.##
........[......>@Y...............
...............F.................
...............!.................
.................................
.................................
.................................
.................................
.................................
..###P####.###.#.##..............


You could see a spiny frog and a friendly ice beast.

Action                   |  1- 3 |  4- 6 |  7- 9 | 10-12 || total
-------------------------+-------+-------+-------+-------++-------
Melee: Dagger            |   121 |    48 |   177 |       ||   346
 Fire: Blowgun           |       |    15 |    21 |       ||    36
Throw: Stone             |       |     1 |     4 |     4 ||     9
 Cast: Summon Small Mamm |     3 |       |       |       ||     3
       Call Imp          |    13 |    21 |     5 |       ||    39
       Call Canine Famil |     5 |     7 |    47 |     4 ||    63
       Summon Ice Beast  |       |       |   114 |    21 ||   135
       Summon Lightning  |       |       |     5 |     2 ||     7
Invok: Channel Energy    |       |       |   210 |    65 ||   275
Evoke: Wand              |       |     4 |       |       ||     4
  Use: Scroll            |     7 |     1 |    14 |       ||    22
       Potion            |     1 |     2 |    44 |     5 ||    52
 Stab: Sleeping          |     5 |     4 |     6 |       ||    15
       Distracted        |     1 |     1 |     3 |       ||     5
  Eat: Corpse            |    11 |     5 |     3 |       ||    19

Notes
Turn   | Place    | Note
--------------------------------------------------------------
     0 | D:1      | Duffy the Vampire Summoner began the quest for the Orb.
     0 | D:1      | Reached XP level 1. HP: 13/13 MP: 3/3
   376 | D:1      | Reached XP level 2. HP: 17/19 MP: 5/5
   385 | D:1      | Learned a level 2 spell: Call Imp
  1523 | D:2      | Reached XP level 3. HP: 17/24 MP: 3/6
  2113 | D:2      | Learned a level 3 spell: Call Canine Familiar
  2249 | D:2      | Found an iron altar of Okawaru.
  2757 | D:3      | Reached skill level 5 in Summonings
  2853 | D:3      | Reached XP level 4. HP: 30/30 MP: 0/8
  3163 | D:3      | Reached skill level 3 in Spellcasting
  3782 | D:4      | Reached XP level 5. HP: 35/35 MP: 2/10
  3851 | D:4      | Learned a level 4 spell: Summon Ice Beast
  3980 | D:4      | Found Zeul's Antique Weapon Emporium.
  4009 | D:4      | Noticed Edmund
  4036 | D:4      | Killed Edmund
  4036 | D:4      | Reached skill level 1 in Ice Magic
  4189 | D:4      | Noticed Grinder
  4223 | D:4      | Killed Grinder
  4223 | D:4      | Reached skill level 6 in Summonings
  4223 | D:4      | Reached XP level 6. HP: 41/41 MP: 3/11
  4301 | D:4      | Found a staircase to the Ecumenical Temple.
  4311 | Temple   | Entered the Ecumenical Temple
  4362 | Temple   | Became a worshipper of Sif Muna the Loreminder
  4407 | D:4      | Found a glowing silver altar of Zin.
  4409 | D:4      | Found a sparkling altar of Nemelex Xobeh.
  4410 | D:4      | Found a burning altar of Makhleb.
  4410 | D:4      | Found a glowing golden altar of the Shining One.
  4416 | D:4      | Found an ancient bone altar of Kikubaaqudgha.
  4419 | D:4      | Reached skill level 7 in Summonings
  4419 | D:4      | Reached skill level 2 in Ice Magic
  4708 | D:5      | Entered Level 5 of the Dungeon
  4855 | D:5      | Reached XP level 7. HP: 46/46 MP: 4/12
  5185 | D:5      | Reached skill level 4 in Spellcasting
  5205 | D:5      | Learned a level 4 spell: Summon Lightning Spire
  5491 | D:5      | Reached skill level 1 in Air Magic
  6128 | D:6      | Reached * piety under Sif Muna
  6411 | D:6      | Reached skill level 2 in Air Magic
  6607 | D:6      | Found a sand-covered staircase.
  6617 | Ossuary  | Entered an ossuary
  6648 | Ossuary  | Reached XP level 8. HP: 45/52 MP: 10/15
  7097 | D:6      | Reached skill level 8 in Summonings
  7097 | D:6      | Reached skill level 1 in Invocations
  7437 | D:6      | Reached skill level 5 in Spellcasting
  7987 | D:7      | Found a blossoming altar of Fedhas.
  8041 | D:7      | Reached ** piety under Sif Muna
  8041 | D:7      | Reached skill level 2 in Invocations
  8942 | D:8      | Found a glowing silver altar of Zin.
  9223 | D:8      | Reached skill level 9 in Summonings
  9475 | D:8      | Reached skill level 3 in Invocations
  9589 | D:8      | Reached XP level 9. HP: 32/57 MP: 3/17
 10256 | D:9      | Reached skill level 6 in Spellcasting
 10749 | D:9      | Found a runed door.
 10763 | D:9      | Reached skill level 1 in Fighting
 10782 | D:9      | Reached skill level 10 in Summonings
 10854 | D:9      | Reached *** piety under Sif Muna
 11101 | D:9      | Noticed a griffon
 11124 | D:9      | Killed a griffon
 11124 | D:9      | Reached skill level 2 in Fighting
 11124 | D:9      | Reached skill level 4 in Invocations
 11304 | D:10     | Entered Level 10 of the Dungeon
 11311 | D:10     | Noticed a centaur zombie
 11321 | D:10     | Killed a centaur zombie
 11472 | D:10     | Reached skill level 5 in Invocations
 11632 | D:10     | Found a glowing golden altar of the Shining One.
 11761 | D:10     | Found a staircase to the Lair.
 12569 | D:10     | Reached skill level 3 in Dodging
 12569 | D:10     | Reached XP level 10. HP: 67/67 MP: 8/19
 12648 | Lair:1   | Entered Level 1 of the Lair of Beasts
 12997 | Lair:1   | Reached skill level 11 in Summonings
 13376 | Lair:2   | Noticed a black mamba
 13390 | Lair:2   | Killed a black mamba
 13424 | Lair:1   | Slain by a spiny frog

Vault maps used:
D:1:      dpeg_arrival_stonehenge_12_columns
D:2:      okawaru_gym_becter
D:4:      grunt_temple_overflow_open, temple_green, serial_shops, shop,
          hangedman_decor_points, hangedman_decor_diamond_cutter,
          minmay_misc_feat_hallway, uniq_edmund, uniq_grinder
D:5:      first_bread
D:6:      lightli_ossuary_entry_decrepit_ruins, st_stairs_13
D:7:      grunt_ogre_cave, fedhas_altar_decomposition
D:8:      basic_altar, hangedman_abyss_or_decor_lesser_grid
D:9:      minmay_st_funbox
D:10:     minmay_klotski, grunt_lair_entry_elf_guard_hut, tso_metal_star
Temple:   circular_temple_13
Lair:1:   cheibrodos_lair_caveside_slide, lemuel_fruit_fields
Lair:2:   grunt_megastairs_4, serial_bayou_shore_b
Ossuary:  ossuary_tomb_2

Vanquished Creatures
  A griffon
  A black mamba
  A spiny frog Grinder
  A trapdoor spider zombie
  A blink frog
  2 hippogriffs
  A wyvern
  9 yaks
  A deep elf fighter Edmund
  A hungry ghost
  A porcupine
  A water moccasin
  3 sky beasts
  4 ogres
  A phantom
  2 ice beasts
  A black bear
  3 centaurs
  6 giant frogs
  3 water moccasin zombies
  5 big kobolds
  2 scorpions
  3 centaur zombies
  3 crimson imps
  4 jellies
  A quasit
  9 orc wizards
  3 centaur skeletons
  6 hounds
  6 iguanas
  6 giant frog skeletons
  3 orc priests
  9 worker ants
  2 big kobold zombies
  2 hound zombies
  A hound skeleton
  2 mummies
  4 gnolls
  10 adders
  6 river rats
  4 shadow imps
  5 adder zombies
  An ooze
  3 worms
  7 giant geckos
  38 orcs
  11 giant cockroaches
  6 goblins
  8 hobgoblins
  8 jackals
  23 kobolds
  6 quokkas
  17 bats
  A giant gecko zombie
  3 giant newts
  5 gnoll zombies
  4 hobgoblin zombies
  A jackal skeleton
  7 kobold zombies
  3 orc zombies
  A quokka skeleton
  A quokka zombie
  14 rats
  3 fungi
313 creatures vanquished.
